 Dungeon Crawl Stone Soup version 0.23.0 (webtiles) character file.

Game seed: 11890136710869783015

194132 theswoord the Warrior (level 18, -4/189 HPs)
             Began as a Naga Berserker on Feb 13, 2019.
             Was a High Priest of Trog.
             Slain by a reaper
             ... wielding a +0 scythe of flaming
              (28 damage)
             ... on level 5 of the Abyss on Feb 14, 2019.
             The game lasted 01:45:11 (35055 turns).

theswoord the Warrior (Naga Berserker)             Turns: 35055, Time: 01:45:12

Health: -4/189     AC: 16    Str: 17      XL:     18   Next: 29%
Magic:  18/18      EV: 20    Int:  9 (11) God:    Trog [*****.]
Gold:   2462       SH:  8    Dex: 24      Spells: 17/17 levels left

rFire    + . .     SeeInvis +   m - +9 demon blade "Goimoyg" {drain, rF+ Str-4 Int+4 Dex+4}
rCold    . . .     Gourm    .   L - +2 buckler {reflect}
rNeg     . . .     Faith    .   l - +0 swamp dragon scales
rPois    +         Spirit   .   V - +1 hat
rElec    .         Reflect  +   I - scarf {cloud immunity}
rCorr    .         Harm     .   R - +0 pair of gloves
MR       ++++.                  (no barding)
Stlth    +.........             b - amulet of the acrobat
HPRegen  1.41/turn              h - +3 ring of slaying
MPRegen  0.16/turn              S - ring of Summer {Int+3 Dex+5}

@: very slightly contaminated, regenerating, studying Stealth, very slow
A: large, see invisible, [clumsy 1], deformed body, [dopey 2], poison
resistance, slowness 2, slow metabolism 1, spit poison 1, constrict 1, AC +6
}: 1/15 runes: decaying
a: Spit Poison, Berserk, Trog's Hand, Brothers in Arms, Renounce Religion


You were on level 5 of the Abyss.
You worshipped Trog.
Trog was extremely pleased with you.
You were not hungry.

You visited 5 branches of the dungeon, and saw 29 of its levels.
You visited the Abyss 1 time.
You also visited: Sewer, Gauntlet and Ice Cave.

You collected 3097 gold pieces.
You spent 635 gold pieces at shops.

Inventory:

Hand Weapons
 m - the +9 demon blade "Goimoyg" (weapon) {drain, rF+ Str-4 Int+4 Dex+4}
   (Trog gifted it to you on level 7 of the Dungeon)

   A truly terrible weapon, it drains the life of those it strikes.
   It affects your strength (-4).
   It affects your intelligence (+4).
   It affects your dexterity (+4).
   It protects you from fire.
 u - the +12 long sword of Wow Uff {slice, Int+3}
   (You found it in a sewer)

   It inflicts extra damage upon your enemies.
   It affects your intelligence (+3).
Armour
 l - +0 swamp dragon scales (worn)
 q - a +2 naga barding of fire resistance
 I - a scarf of cloud immunity (worn)
 L - a +2 buckler of reflection (worn)
 R - a +0 pair of gloves (worn)
 V - a +1 hat (worn)
Jewellery
 b - an amulet of the acrobat (around neck)
 h - a +3 ring of slaying (left hand)
 z - a cursed ring of teleportation {unknown}
 H - an uncursed ring of protection from cold
 S - the ring of Summer (right hand) {Int+3 Dex+5}
   (You found it on level 6 of the Lair of Beasts)

   [ring of dexterity]

   It affects your intelligence (+3).
   It affects your dexterity (+5).
Wands
 a - a wand of iceblast (5)
 v - a wand of clouds (10)
 E - a wand of acid (21)
 G - a wand of paralysis (33)
 O - a wand of digging (8)
Scrolls
 f - a scroll of enchant weapon
 p - 4 scrolls of teleportation
 r - 8 scrolls of immolation
 s - 6 scrolls of enchant armour
 B - 16 scrolls of remove curse
 C - 4 scrolls of identify
 J - 2 scrolls of blinking
 Q - 3 scrolls of vulnerability
Potions
 d - a potion of haste
 e - 6 potions of flight
 g - 3 potions of resistance
 i - 3 potions of cancellation
 j - 3 potions of curing
 o - a potion of brilliance
 t - 5 potions of mutation
 w - 3 potions of invisibility
 A - a potion of berserk rage
 D - 2 potions of lignification
 M - 5 potions of magic
Books
 n - a manual of Stealth
Comestibles
 c - 43 rations
 x - 2 chunks of flesh


   Skills:
 * Level 18.5 Fighting
 - Level 14.2 Long Blades
 + Level 13.2 Armour
 + Level 13.2 Dodging
 - Level 2.4 Shields


You had 17 spell levels left.
You didn't know any spells.
Your spell library was empty.

Dungeon Overview and Level Annotations

Branches:
Dungeon (15/15)            Temple (0/1) D:4            Lair (6/6) D:11
  Swamp (4/4) Lair:3        Snake (2/4) Lair:3        Slime (0/5) Lair:6
    Orc (2/2) D:9             Elf (0/3) Orc:2        Vaults (0/5) D:14
 Depths (0/5) D:15

Altars:
Dithmenos
Hepliaklqana
Uskayaw
Xom
Zin
Beogh

Shops:
D:11 *   D:15 (   Orc:1 =   Orc:2 =?*[


Innate Abilities, Weirdness & Mutations

You cannot wear boots.
Your serpentine skin is tough. (AC +6)
You have supernaturally acute eyesight. (SInv)
Armour fits poorly on your strangely shaped body.
Your system is resistant to poisons. (rPois)
You cover ground very slowly.
You have a slow metabolism.
You can spit poison.
You can use your snake-like lower body to constrict enemies.
[You are clumsy. (Dex -2)]
[You are very dopey. (Int -4)]


Message History

You hit the reaper but do no damage.
You constrict the reaper, but do no damage.
You slash the reaper!
You feel the effects of Trog's Hand fading.
You constrict the reaper. You slash the reaper! You constrict the reaper.
The reaper closely misses you.
You hit the reaper but do no damage. You constrict the reaper.
You hit the reaper. You constrict the reaper.
The reaper hits you with a +0 scythe of flaming!!!
* * * LOW HITPOINT WARNING * * *
The reaper burns you.
* * * LOW HITPOINT WARNING * * *
You hit the reaper. You constrict the reaper. You slash the reaper!
You constrict the reaper. You hit the reaper but do no damage.
You constrict the reaper. You block the reaper's attack.
You hit the reaper but do no damage. You constrict the reaper.
You hit the reaper. You constrict the reaper.
The reaper hits you with a +0 scythe of flaming!!
You die...

.. #.#
#.. #.
#.. .. .
.# ####.
.#
..#.##.#
#.#..#
#@_.#
#2##....#
.x.
#....#
#.ยงยง#
..##..
#..## ..#
# ### .#
#


You could see a reaper and a small abomination.

Vanquished Creatures
  Vashnia (Snake:1)
  Agnes (D:15)
  4 thorn hunters
  Kirke (Lair:4)
  A fire giant (D:15)
  Roxanne (D:15)
  Louise (D:15)
  A minotaur (Gauntlet)
  Snorg (D:13)
  Josephine (Snake:1)
  The ghost of Haxyobbu the Fighter, a journeyman MiFi of Okawaru (Lair:2)
  Harold (D:8)
  21 hydras
  6 centaur warriors
  A merfolk avatar (Lair:6)
  11 alligators
  A dancing weapon (D:7)
  2 anacondas
  16 two-headed ogres
  2 tengu warriors
  3 ogre magi
  6 spriggans
  3 naga sharpshooters
  Urug (D:11)
  3 thrashing horrors (Abyss:4)
  A wretched star (Abyss:3)
  A sixfirhy (Abyss:4)
  A salamander mystic (Snake:2)
  4 sea snakes
  2 naga ritualists (Snake:1)
  15 swamp dragons
  The ghost of stickyfingers the Basher, a novice HuWr of Zin (D:9)
  3 spriggan druids
  9 starcursed masses (Abyss:4)
  2 deep trolls (Orc:2)
  An unseen horror (D:15)
  The ghost of bgiannan the Thaumaturge, a novice DEFE of Vehumet (D:7)
  An orc sorcerer (Orc:2)
  Pikel (D:8)
  4 salamanders
  A deep elf mage (D:13)
  A harpy (Lair:6)
  2 ugly things
  3 manticores
  A shining eye (Abyss:5)
  A worldbinder (Abyss:2)
  6 cyclopes
  16 elephants
  20 black mambas
  Maurice (D:8)
  2 ice statues (IceCv)
  2 smoke demons (Abyss:5)
  3 naga magi (Snake:1)
  4 gargoyles
  A torpor snail (Gauntlet)
  23 spiny frogs
  5 rime drakes
  2 freezing wraiths
  A kobold demonologist (D:12)
  3 minotaur zombies (Gauntlet)
  2 efreet
  20 komodo dragons
  15 trolls
  A tengu conjurer (D:15)
  A merfolk (D:11)
  3 meliai (D:15)
  A wind drake (Lair:6)
  8 polar bears
  12 tyrant leeches
  8 hornets
  Prince Ribbit (Lair:1)
  17 slime creatures
  6 hippogriffs
  A harpy skeleton (D:15)
  4 bog bodies
  5 blink frogs (Lair:1)
  2 meliai zombies (D:15)
  5 raiju
  7 wraiths
  A large abomination (Abyss:2)
  53 yaks
  8 shadows
  A vampire (D:15)
  6 wyverns
  A tarantella (shapeshifter) (D:13)
  A ynoxinul (Abyss:4)
  2 water elementals (D:13)
  A yak (shapeshifter) (D:13)
  A hog (Lair:4)
  A steam dragon (D:12)
  A hungry ghost (D:10)
  2 basilisks
  2 neqoxecs (Abyss:4)
  2 chaos spawn (Abyss:4)
  19 vampire mosquitoes
  Menkaure (D:4)
  4 wargs
  18 swamp worms
  15 nagas
  A soldier ant (D:10)
  25 water moccasins
  3 acid dragons
  4 porcupines
  11 swamp drakes
  An ice beast (shapeshifter) (D:13)
  15 orc warriors
  24 ice beasts
  A sky beast (D:5)
  2 slaves (D:8)
  2 black bears
  A hornet zombie (D:12)
  2 phantoms
  A necrophage (D:13)
  28 ogres
  2 wolves (D:13)
  6 eyes of draining
  24 centaurs
  A big kobold (D:11)
  5 crocodiles
  23 bullfrogs
  A gnoll sergeant (D:6)
  Blork the orc (D:4)
  6 killer bees (D:7)
  An electric eel (D:13)
  5 howler monkeys
  A spectral centaur (D:9)
  8 crimson imps
  6 centaur zombies
  6 hounds
  9 jellies
  A bullfrog zombie (D:13)
  2 bullfrog skeletons
  10 orc priests
  A gnoll shaman (D:8)
  4 centaur skeletons
  30 orc wizards
  Natasha (thrice) (D:4)
  10 iguanas
  16 worker ants
  4 hell rats (Lair:3)
  A bullfrog simulacrum (D:9)
  2 centaur simulacra (D:9)
  2 hound zombies
  Robin (D:2)
  19 gnolls
  18 adders
  A howler monkey skeleton (D:8)
  3 shadow imps
  A white imp (D:13)
  3 ufetubi (D:13)
  An ooze (D:1)
  3 adder skeletons
  A worm (D:4)
  3 dart slugs (D:1)
  11 leopard geckos
  63 orcs
  A bat (D:2)
  15 giant cockroaches
  12 goblins
  13 hobgoblins
  14 jackals
  3 quokkas
  3 ball pythons (Sewer)
  6 frilled lizards
  12 kobolds
  A quokka zombie (D:7)
  7 rats
1022 creatures vanquished.

Vanquished Creatures (collateral kills)
  3 hydras
  A swamp dragon (Swamp:1)
  An ugly thing (IceCv)
  2 elephants (Lair:3)
  4 yaks (Lair:6)
  A wyvern (Lair:6)
  A spatial vortex (Abyss:5)
  A crocodile (Lair:3)
14 creatures vanquished.

Vanquished Creatures (others)
  2 slaves (D:8)
  A bullfrog (Sewer)
  An electric eel (D:11)
  A howler monkey (D:8)
  An adder (D:8)
  2 jackals (D:8)
  2 briar patches (Swamp:3)
  A demonic plant (Gauntlet)
  9 fungi
  9 plants (Lair:6)
  2 starspawn tentacles (Abyss:5)
31 creatures vanquished.

Grand Total: 1067 creatures vanquished

Notes
Turn   | Place    | Note
-------+----------+-------------------------------------------
     0 | D:1      | theswoord the Naga Berserker began the quest for the Orb.
     0 | D:1      | Reached XP level 1. HP: 21/21 MP: 1/1
   276 | D:1      | Reached XP level 2. HP: 20/28 MP: 2/2
   846 | D:1      | Reached ** piety under Trog
   948 | D:1      | Reached XP level 3. HP: 34/34 MP: 3/3
  1252 | D:2      | HP: 1/34 [poisoned by an adder]
  1321 | D:2      | Reached XP level 4. HP: 11/42 MP: 4/4
  1698 | D:2      | Reached skill level 5 in Long Blades
  2267 | D:2      | Reached XP level 5. HP: 12/49 MP: 5/5
  2494 | D:3      | Noticed Robin
  2823 | D:2      | Killed Robin
  2920 | D:3      | Reached *** piety under Trog
  2941 | D:2      | Reached XP level 6. HP: 17/56 MP: 6/6
  3915 | D:3      | Reached XP level 7. HP: 61/62 MP: 7/7
  4260 | D:4      | Noticed Blork the orc
  4266 | D:4      | Killed Blork the orc
  4303 | D:4      | Found a staircase to the Ecumenical Temple.
  4326 | D:4      | You fall through a shaft!
  4326 | D:5      | Entered Level 5 of the Dungeon
  4339 | D:5      | Found a glowing drain.
  4379 | Sewer    | Entered a sewer
  4402 | Sewer    | Reached **** piety under Trog
  4571 | Sewer    | Got a crude long sword
  4581 | Sewer    | Identified the +12 long sword of Wow Uff {slice, Int+3}
                  | (You found it in a sewer)
  5442 | D:4      | Noticed Menkaure
  5445 | D:4      | Killed Menkaure
  5445 | D:4      | Reached XP level 8. HP: 69/69 MP: 8/8
  5474 | D:4      | Reached skill level 10 in Long Blades
  5596 | D:4      | Noticed Natasha
  5600 | D:4      | Killed Natasha
  5616 | D:4      | Noticed Natasha
  5623 | D:4      | Killed Natasha
  5670 | D:4      | Noticed Natasha
  5673 | D:4      | Killed Natasha
  5834 | D:6      | Reached ***** piety under Trog
  6016 | D:6      | Reached XP level 9. HP: 47/75 MP: 9/9
  6800 | D:7      | Received a gift from Trog
  6803 | D:7      | Got a slimy demon blade {god gift}
  6805 | D:7      | Identified the +9 demon blade "Goimoyg" {drain, rF+ Str-4
                  | Int+4 Dex+4} (Trog gifted it to you on level 7 of the
                  | Dungeon)
  6888 | D:7      | Found a runed translucent door.
  6895 | D:7      | Found a shimmering altar of Xom.
  6895 | D:7      | Noticed bgiannan's ghost (novice DEFE)
  6895 | D:7      | Noticed a +1 rapier of chaos
  7124 | D:7      | Found a glowing silver altar of Zin.
  7950 | D:7      | Killed a +1 rapier of chaos
  7950 | D:7      | Reached XP level 10. HP: 84/84 MP: 10/10
  7956 | D:7      | Killed bgiannan's ghost
  8024 | D:8      | Noticed Pikel
  8029 | D:8      | Killed Pikel
  8238 | D:8      | Reached skill level 4 in Fighting
  8256 | D:8      | Noticed Maurice
  8265 | D:8      | Killed Maurice
  8450 | D:8      | Noticed Harold
  8463 | D:8      | Killed Harold
  8463 | D:8      | Reached skill level 5 in Fighting
  8780 | D:9      | Reached XP level 11. HP: 71/96 MP: 11/11
  8951 | D:9      | Found a runed translucent gate.
  8951 | D:9      | Found a runed translucent gate.
  8951 | D:9      | Found a runed translucent gate.
  8957 | D:9      | Noticed stickyfingers's ghost (novice HuWr)
  9001 | D:9      | Killed stickyfingers's ghost
  9095 | D:9      | Found a staircase to the Orcish Mines.
  9333 | D:10     | Entered Level 10 of the Dungeon
  9337 | D:10     | Noticed a two-headed ogre
  9352 | D:10     | Killed a two-headed ogre
  9352 | D:10     | Reached skill level 6 in Fighting
  9656 | D:10     | Received a gift from Trog
  9763 | D:10     | Reached skill level 5 in Armour
  9763 | D:10     | Reached skill level 5 in Dodging
  9925 | D:10     | Found a hide-covered altar of Uskayaw.
 10264 | D:11     | Found Teituwaj's Assorted Antiques.
 10317 | D:11     | Noticed Urug
 10330 | D:11     | Killed Urug
 10330 | D:11     | Reached skill level 7 in Fighting
 10484 | D:11     | Found a staircase to the Lair.
 10489 | D:11     | Noticed a two-headed ogre
 10493 | D:11     | Killed a two-headed ogre
 10659 | D:11     | Found a hazy altar of Hepliaklqana.
 10975 | D:11     | Reached XP level 12. HP: 44/110 MP: 12/12
 11247 | D:11     | Reached skill level 8 in Fighting
 11661 | D:11     | Noticed a two-headed ogre
 11671 | D:11     | Killed a two-headed ogre
 11987 | D:11     | Found the +5 scythe "Finisher" {speed, eviscerate}
 12171 | Lair:1   | Entered Level 1 of the Lair of Beasts
 12281 | Lair:1   | Noticed Prince Ribbit
 12288 | Lair:1   | Killed Prince Ribbit
 12303 | Lair:1   | Reached skill level 9 in Fighting
 12979 | Lair:2   | Noticed a seven-headed hydra
 13323 | Lair:1   | Killed a ten-headed hydra
 13967 | Lair:2   | Gained mutation: You can use your snake-like lower body to
                  | constrict enemies. [Naga growth]
 13967 | Lair:2   | Reached XP level 13. HP: 123/123 MP: 13/13
 13971 | Lair:2   | Found a runed translucent door.
 13996 | Lair:2   | Reached ****** piety under Trog
 14040 | Lair:2   | Reached skill level 10 in Fighting
 14100 | Lair:2   | Received a gift from Trog
 14251 | Lair:2   | Noticed Haxyobbu's ghost (journeyman MiFi)
 14316 | Lair:2   | Killed Haxyobbu's ghost
 14981 | Lair:3   | Found a staircase to the Snake Pit.
 15541 | Lair:3   | Found a staircase to the Swamp.
 16256 | Lair:4   | Noticed Kirke
 16267 | Lair:4   | Killed Kirke
 16267 | Lair:4   | Reached skill level 11 in Fighting
 16633 | Lair:5   | Found a frozen archway.
 16664 | IceCv    | Entered an ice cave
 16679 | IceCv    | Found a transporter.
 16703 | IceCv    | Found a transporter.
 17022 | Lair:5   | Reached XP level 14. HP: 133/136 MP: 14/14
 17437 | Lair:6   | Entered Level 6 of the Lair of Beasts
 17454 | Lair:6   | Found a staircase to the Slime Pits.
 17477 | Lair:6   | Reached skill level 12 in Fighting
 17778 | Lair:6   | Reached skill level 1 in Shields
 17807 | Lair:6   | Received a gift from Trog
 18502 | Lair:6   | Received a gift from Trog
 18954 | Lair:6   | Reached skill level 10 in Dodging
 18968 | Lair:6   | Reached skill level 10 in Armour
 19518 | Lair:6   | Got a shimmering jade ring
 19645 | Lair:6   | Identified the ring of Summer {Int+3 Dex+5} (You found it
                  | on level 6 of the Lair of Beasts)
 19836 | Orc:1    | Entered Level 1 of the Orcish Mines
 19903 | Orc:2    | Entered Level 2 of the Orcish Mines
 19903 | Orc:2    | Found Pusaveb's Jewellery Shoppe.
 19945 | Orc:2    | Bought an uncursed amulet of the acrobat for 360 gold
                  | pieces
 19989 | Orc:2    | Received a gift from Trog
 20125 | Orc:2    | Reached skill level 13 in Fighting
 20321 | Orc:2    | Reached XP level 15. HP: 92/148 MP: 15/15
 20379 | Orc:2    | Found a staircase to the Elven Halls.
 20566 | Orc:2    | Received a gift from Trog
 20594 | Orc:2    | Found Suseor's Magic Scroll Emporium.
 20595 | Orc:2    | Found Xyse's Antique Armour Emporium.
 20601 | Orc:2    | Found Derote's Armour Boutique.
 20625 | Orc:2    | Found Disoim's Assorted Antiques.
 20644 | Orc:2    | Bought a turquoise-encrusted chain mail for 275 gold pieces
 20644 | Orc:2    | Identified the +4 chain mail of Protective Custody {Str+4
                  | Int+8 Dex-5} (You bought it in a shop on level 2 of the
                  | Orcish Mines)
 21101 | Orc:1    | Found a roughly hewn altar of Beogh.
 21104 | Orc:1    | Found Quemoum's Jewellery Emporium.
 21694 | D:12     | Reached skill level 14 in Fighting
 22359 | D:13     | Received a gift from Trog
 22463 | D:13     | Noticed Snorg
 22472 | D:13     | Killed Snorg
 22936 | D:14     | Found a gate leading to a gauntlet.
 22945 | Gauntlet | Entered a Gauntlet
 22945 | Gauntlet | Found a transporter.
 22945 | Gauntlet | Found a transporter.
 22945 | Gauntlet | Found a transporter.
 22946 | Gauntlet | Found a transporter.
 22948 | Gauntlet | Found a transporter.
 22950 | Gauntlet | Found a transporter.
 22954 | Gauntlet | Found a runed translucent door.
 22954 | Gauntlet | Found a runed translucent door.
 22957 | Gauntlet | Found a transporter.
 22958 | Gauntlet | Found a transporter.
 22959 | Gauntlet | Found a transporter.
 22961 | Gauntlet | Found a transporter.
 22970 | Gauntlet | Found a transporter.
 22972 | Gauntlet | Found a transporter.
 24279 | D:14     | Found a gate to the Vaults.
 24294 | D:14     | Reached skill level 15 in Fighting
 24450 | D:14     | Reached XP level 16. HP: 152/163 MP: 16/16
 24491 | D:14     | Found a shadowy altar of Dithmenos.
 24504 | D:14     | Received a gift from Trog
 24750 | D:15     | Entered Level 15 of the Dungeon
 24769 | D:15     | Noticed Agnes
 24789 | D:15     | Killed Agnes
 24851 | D:15     | Identified Roxanne's Volume of Earth
 24851 | D:15     | Noticed Roxanne
 24881 | D:15     | Killed Roxanne
 24968 | D:15     | Noticed Louise
 24981 | D:15     | Killed Louise
 24986 | D:15     | Found a staircase to the Depths.
 25349 | D:15     | Found Qir Kig's Antique Weapon Boutique.
 25990 | Swamp:1  | Entered Level 1 of the Swamp
 26478 | Swamp:1  | Reached skill level 16 in Fighting
 26536 | Swamp:1  | Noticed a thorn hunter
 26553 | Swamp:1  | Killed a thorn hunter
 28225 | Swamp:2  | Found the macabre finger necklace {rN+}
 28582 | Swamp:3  | Received a gift from Trog
 28898 | Swamp:3  | Noticed a thorn hunter
 28907 | Swamp:3  | Reached XP level 17. HP: 175/175 MP: 17/17
 29579 | Swamp:4  | Entered Level 4 of the Swamp
 29894 | Swamp:4  | Reached skill level 17 in Fighting
 30317 | Swamp:4  | Received a gift from Trog
 30354 | Swamp:4  | Found a shimmering altar of Xom.
 31596 | Swamp:4  | Got a decaying rune of Zot
 32184 | Snake:1  | Entered Level 1 of the Snake Pit
 32194 | Snake:1  | Noticed Josephine
 32200 | Snake:1  | Killed Josephine
 33061 | Snake:1  | Received a gift from Trog
 33061 | Snake:1  | Reached skill level 18 in Fighting
 33283 | Snake:2  | Reached XP level 18. HP: 155/188 MP: 18/18
 33291 | Snake:2  | Noticed Vashnia
 33819 | Snake:1  | Killed Vashnia
 34322 | Snake:2  | Cast into level 2 of the Abyss (salamander)
 34322 | Abyss:2  | Found a corrupted altar of Lugonu.
 34379 | Abyss:3  | Found a corrupted altar of Lugonu.
 34960 | Abyss:5  | Entered Level 5 of the Abyss
 34983 | Abyss:5  | Noticed a hellephant
 35011 | Abyss:5  | Noticed a hellephant
 35015 | Abyss:5  | Found a corrupted altar of Lugonu.
 35017 | Abyss:5  | Noticed a hellephant
 35030 | Abyss:5  | Found a corrupted altar of Lugonu.
 35055 | Abyss:5  | Slain by a reaper

Skill      XL: |  1  2  3  4  5  6  7  8  9 10 11 12 13 14 15 16 17 |
---------------+----------------------------------------------------+-----
Long Blades    | 4 5 6 7 9 11 13 14 | 14.2
Armour         | 3 6 7 9 10 11 12 13 | 13.2
Dodging        | 3 6 7 9 10 11 12 13 | 13.2
Fighting       | 5 7 9 11 13 15 16 18 | 18.5
Shields        | 2 |  2.4

Action                   |  1- 3 |  4- 6 |  7- 9 | 10-12 | 13-15 | 16-18 || total
-------------------------+-------+-------+-------+-------+-------+-------++-------
Melee: Falchion          |    76 |   163 |    18 |       |       |       ||   257
       Long sword        |       |       |   142 |       |       |       ||   142
       Demon blade       |       |       |    59 |   434 |   981 |   991 ||  2465
       Whip              |       |       |       |     2 |     9 |    11 ||    22
       Constrict         |       |       |       |       |   241 |   175 ||   416
Invok: Berserk           |     1 |     5 |     3 |     4 |     5 |     6 ||    24
       Trog's Hand       |       |     1 |       |     1 |     1 |     8 ||    11
       Brothers in Arms  |       |       |       |       |     3 |       ||     3
 Abil: Spit Poison       |     3 |     6 |     1 |     9 |       |       ||    19
Evoke: Wand              |       |       |       |       |     2 |     6 ||     8
  Use: Scroll            |       |     7 |    13 |    12 |    12 |    26 ||    70
       Potion            |       |     1 |     3 |     9 |     6 |    11 ||    30
 Stab: Distracted        |       |       |       |       |     2 |       ||     2
       Sleeping          |       |       |       |       |     2 |     2 ||     4
  Eat: Chunk             |     1 |     9 |     9 |    15 |    28 |    15 ||    77
       Ration            |       |     1 |     1 |     2 |     2 |     6 ||    12
Armor: Animal skin       |     6 |       |       |       |       |       ||     6
       Ring mail         |     3 |   103 |    72 |    52 |       |       ||   230
       Acid dragon scale |       |       |       |    64 |   231 |    45 ||   340
       Swamp dragon scal |       |       |       |       |       |   268 ||   268
Dodge: Dodged            |    42 |   110 |    87 |   212 |   640 |  1014 ||  2105
Block: Buckler           |       |       |       |       |   238 |   449 ||   687
       Reflection        |       |       |       |       |       |    14 ||    14
       Rpst.: Falchion   |    13 |    19 |     1 |       |       |       ||    33
       Long sword        |       |       |    20 |       |       |       ||    20
       Demon blade       |       |       |     9 |    63 |   116 |   137 ||   325

Levels and vault maps discovered:
D:1:      psy_arrival_fountain, layout_loops_ring
D:2:      layout_basic
D:3:      layout_rooms, kennysheep_donut, uniq_robin
D:4:      layout_rooms, temple_fountains, uniq_natasha, uniq_blork_the_orc,
          uniq_menkaure
D:5:      layout_basic, first_ration, gup_sewer_entry_glass
D:6:      layout_loops_corners
D:7:      minmay_inner_zag, layout_basic, zin_statuary, ebering_ghost_xom,
          minmay_misc_feat_encased
D:8:      layout_loops_ring, uniq_harold, uniq_maurice, uniq_pikel
D:9:      layout_rooms, orc_0_dummy, gammafunk_ghost_necromancy
D:10:     layout_loops_corners, basic_altar
D:11:     layout_loops_ring, lair_entry_dummy, serial_shops, shop, basic_altar,
          hangedman_stone_soup, nicolae_water_bricks, minmay_the_grid_2x2
          [minmay_the_grid_minigrid_small, minmay_the_grid_spin_star,
          minmay_the_grid_x, minmay_the_grid_prize_four_corners_diamond_a],
          uniq_urug
D:12:     layout_gridville
D:13:     layout_roguey, serial_ice, serial_ice_a, serial_ice_o, serial_ice_f,
          serial_ice_i, uniq_snorg
D:14:     layout_loops_corners, david_vaults_2, roderic_lattice_octagonal_star,
          gauntlet_entry_generic, grunt_dithmenos_smoke_and_mirrors
D:15:     grunt_enter_depths_giant_problem, layout_basic, serial_shops,
          nicolae_shop_stone, uniq_roxanne, uniq_louise, uniq_agnes
Lair:1:   beast_lair_carwin_large_1, layout_chaotic_city, uniq_prince_ribbit2
Lair:2:   layout_chaotic_city, hellmonk_ghost_happy_afterlife
Lair:3:   layout_layer_cave, minmay_swamp_entry_worms,
          guppyfry_snake_entry_island
Lair:4:   layout_roguey, uniq_kirke
Lair:5:   layout_long_grid, portal_ice_cave_entry_ice_beasts
Lair:6:   gammafunk_lair_ancient_temple, layout_gridlike, slime_dummy
Swamp:1:  layout_basic_swamp, evilmike_swamp_ruin_house_6
Swamp:2:  layout_basic_swamp, evilmike_swamp_ruin_house_4
Swamp:3:  layout_basic_swamp, evilmike_swamp_ruin_house_1
Swamp:4:  swamp, layout_basic_swamp, swamp_pool5, lemuel_altar_in_water
Snake:1:  layout_honeycomb, minmay_snake_pond, uniq_josephine
Snake:2:  layout_chambers, serial_bayou_shore_a, uniq_vashnia
Orc:1:    layout_caves, basic_altar, serial_shops, shop
Orc:2:    st_orc_open, layout_diamond_mine, serial_shops, nicolae_shop_stone
Abyss:2:  evilmike_abyss_exit_smiterflies
Abyss:3
Abyss:4:  hangedman_abyss_stitches_cave, hangedman_abyss_rune_macabre_mess
Abyss:5:  abyss_exit_lava, minivault_13,
          hangedman_abyss_or_decor_jellyfish_corner, minivault_26,
          hangedman_abyss_or_decor_passed, evilmike_abyss_rune_elephants_shrine
Sewer:    sewer_frog_island_01
IceCv:    ice_cave_statue_garden_transporter
Gauntlet: minmay_gauntlet_mixed_big_or_small [gammafunk_gauntlet_arena_mazey,
          minmay_gauntlet_arena_77_tiled_triplets, nicolae_gauntlet_swirl,
          minmay_gauntlet_arena_77_shame_cube, nicolae_gauntlet_arena_quarters,
          minmay_gauntlet_arena_77_box, gauntlet_exit_hidden_loot]
